 Dungeon Crawl Stone Soup version 0.24.0-123-gd5b16e6ec5 (webtiles) character file.

Game seed: 7565890509205634754, levelgen mode: deterministic

1534 Bluestream the Basher (level 8, -6/74 HPs)
             Began as a Minotaur Berserker on Jan 31, 2020.
             Was an Elder of Trog.
             Killed by divine providence
             ... invoked by an orc priest
              (15 damage)
             ... on level 6 of the Dungeon.
             The game lasted 00:09:30 (4983 turns).

Bluestream the Basher (Minotaur Berserker)          Turns: 4983, Time: 00:09:31

Health: -6/74      AC: 13    Str: 23    XL:     8   Next: 55%
Magic:  7/7        EV:  8    Int:  4    God:    Trog [****..]
Gold:   189        SH:  0    Dex: 11    Spells: 7/7 levels left

rFire    . . .     SeeInvis .   t - +2 dire flail (drain)
rCold    . . .     Gourm    .   (shield currently unavailable)
rNeg     . . .     Faith    .   m - +0 plate armour
rPois    .         Spirit   .   (helmet restricted)
rElec    .         Reflect  .   (no cloak)
rCorr    .         Harm     .   (no gloves)
MR       .....                  y - +0 pair of boots
Stlth    ..........             (no amulet)
HPRegen  0.22/turn              (no ring)
MPRegen  0.10/turn              (no ring)

@: marked, berserk cooldown, slowed, very slow
A: retaliatory headbutt, horns 2
a: Berserk, Trog's Hand, Brothers in Arms, Renounce Religion


You were on level 6 of the Dungeon.
You worshipped Trog.
Trog was greatly pleased with you.
You were very hungry.

You visited 2 branches of the dungeon, and saw 7 of its levels.
You also visited: Ossuary.

You collected 189 gold pieces.

Inventory:

Hand Weapons
 j - a +0 morningstar
 n - a +2 whip of venom
 t - a +2 dire flail of draining (weapon)
Armour
 m - a +0 plate armour (worn)
 s - a +0 buckler
 w - a +0 leather armour
 y - a +0 pair of boots (worn)
Wands
 r - a wand of disintegration (4)
 z - a wand of iceblast (12)
Scrolls
 b - 2 scrolls of fog {unknown}
 d - 5 scrolls of identify
 g - a scroll of magic mapping {unknown}
 i - 5 scrolls of teleportation {unknown}
 l - a scroll of amnesia {unknown}
 o - a scroll of blinking {unknown}
 p - a scroll of immolation {unknown}
 u - 5 scrolls of random uselessness {unknown}
 v - 4 scrolls of remove curse
 x - a scroll of enchant armour {unknown}
 D - a scroll of noise {unknown}
Potions
 a - 3 potions of mutation {unknown}
 e - 3 potions of brilliance {unknown}
 f - 6 potions of curing {unknown}
 h - a potion of lignification {unknown}
 k - a potion of cancellation {unknown}
 q - a potion of magic {unknown}
 A - 6 potions of degeneration {unknown}
 B - a potion of heal wounds {unknown}
 C - a potion of agility {unknown}
 E - 2 potions of flight {unknown}
 F - a potion of ambrosia {unknown}
Comestibles
 c - 8 rations


   Skills:
 * Level 7.9 Fighting
 * Level 8.1 Maces & Flails
 + Level 5.4 Armour
 + Level 4.9 Dodging
 + Level 3.7 Shields


You had 7 spell levels left.
You didn't know any spells.
Your spell library was empty.

Dungeon Overview and Level Annotations

Branches:
Dungeon (6/15)             Temple (1/1) D:5         Ossuary (visited)

Altars:
Cheibriados
Fedhas
Hepliaklqana
Okawaru
Trog
Vehumet
Wu Jian

Annotations:
D:3 3 runed translucent doors, Xerdoz's ghost, weakling OpTm
D:6 Blork the orc


Innate Abilities, Weirdness & Mutations

You reflexively headbutt those who attack you in melee.
You have a pair of horns on your head.


Message History

The orc warrior closely misses you.
The ice beast hits you but does no damage.
The orc priest calls down the wrath of Beogh upon you.
Beogh smites you!
* * * LOW HITPOINT WARNING * * *
A jackal comes into view.
You bludgeon the jackal!!
You kill the jackal!
Trog accepts your kill. The orc warrior barely misses you.
The orc priest invokes the aid of Beogh against you.
Beogh smites you!
* * * LOW HITPOINT WARNING * * *
The ice beast closely misses you.
A jackal comes into view.
A wight comes into view.
It is wielding a +4 hand axe of freezing.
The ice beast hits you but does no damage.
The orc priest invokes the aid of Beogh against you.
Beogh smites you!
You die...

#. #.........#
...###.##<..###
.#........#....###
.................. ...
........######..####.<.
..###.†h.##............
#.##)##...........> #.
#h##.....)..... #.
#@##{z..)...... .
#.Yoo{o.z.# .
#####z.o..#
###......... #####.o#..
.... ... .. .


You could see an orc warrior, an ice beast, 2 wights, 2 orc priests, an orc and
2 jackals.

Vanquished Creatures
  Grinder (D:5)
  Sigmund (D:4)
  Edmund (D:4)
  2 sky beasts (D:5)
  3 ogres
  A scorpion (D:4)
  2 centaur zombies (Ossuary)
  A crimson imp (D:5)
  A jelly (D:5)
  2 orc priests
  Ijyb (D:5)
  An iguana (D:4)
  2 worker ants
  5 mummies (Ossuary)
  A hound zombie (D:3)
  A hound skeleton (D:4)
  A worker ant zombie (D:5)
  8 adders
  3 gnolls (D:5)
  2 worms (D:2)
  2 dart slugs
  2 leopard geckos (D:4)
  8 orcs
  3 giant cockroaches
  10 goblins
  4 hobgoblins
  8 jackals
  11 kobolds
  A quokka (D:2)
  A ball python (D:5)
  7 bats
  3 frilled lizards
  A goblin zombie (Ossuary)
  A hobgoblin zombie (Ossuary)
  A kobold zombie (Ossuary)
  3 orc zombies (Ossuary)
  13 rats
119 creatures vanquished.

Notes
Turn   | Place    | Note
-------+----------+-------------------------------------------
     0 | D:1      | Bluestream the Minotaur Berserker began the quest for the
                  | Orb.
     0 | D:1      | Reached XP level 1. HP: 19/19 MP: 0/0
   153 | D:1      | Reached skill level 4 in Maces & Flails
   176 | D:1      | Reached XP level 2. HP: 17/27 MP: 1/1
   917 | D:2      | Reached ** piety under Trog
   928 | D:2      | Reached XP level 3. HP: 29/33 MP: 2/2
  1349 | D:2      | Reached XP level 4. HP: 30/41 MP: 3/3
  1953 | D:3      | Reached skill level 5 in Maces & Flails
  1963 | D:3      | Reached XP level 5. HP: 11/47 MP: 4/4
  2184 | D:3      | Reached skill level 5 in Fighting
  2255 | D:3      | Reached *** piety under Trog
  2862 | D:3      | Found a runed translucent gate.
  2862 | D:3      | Found a runed translucent gate.
  2862 | D:3      | Found a runed translucent gate.
  2862 | D:3      | Noticed Xerdoz's ghost (weakling OpTm)
  2862 | D:3      | Identified the cursed +3 dagger "Molot" {drain, rPois rC+}
  3182 | D:4      | Reached XP level 6. HP: 44/56 MP: 5/5
  3299 | D:4      | Found a radiant altar of Vehumet.
  3477 | D:4      | Noticed Edmund
  3490 | D:4      | Killed Edmund
  3490 | D:4      | Reached skill level 6 in Maces & Flails
  3490 | D:4      | Reached skill level 1 in Shields
  3543 | D:4      | Noticed Sigmund
  3547 | D:4      | Killed Sigmund
  3547 | D:4      | Reached XP level 7. HP: 60/63 MP: 6/6
  3724 | D:5      | Entered Level 5 of the Dungeon
  3742 | D:5      | Found a staircase to the Ecumenical Temple.
  3747 | D:5      | Noticed Ijyb
  3752 | D:5      | Killed Ijyb
  4009 | D:5      | Reached skill level 7 in Maces & Flails
  4053 | D:5      | Noticed Grinder
  4065 | D:5      | Paralysed by Grinder for 7 turns
  4075 | D:5      | Killed Grinder
  4075 | D:5      | Reached XP level 8. HP: 59/73 MP: 7/7
  4120 | D:5      | Found a snail-covered altar of Cheibriados.
  4463 | D:5      | Found an ornate altar of the Wu Jian Council.
  4463 | D:5      | Found a blossoming altar of Fedhas.
  4468 | D:5      | Found an iron altar of Okawaru.
  4470 | D:5      | Found a hazy altar of Hepliaklqana.
  4472 | D:5      | Found a bloodstained altar of Trog.
  4581 | D:5      | Reached skill level 5 in Armour
  4726 | Temple   | Entered the Ecumenical Temple
  4749 | D:6      | Found a sand-covered staircase.
  4754 | D:6      | Noticed Blork the orc
  4761 | Ossuary  | Entered an ossuary
  4790 | Ossuary  | Reached skill level 8 in Maces & Flails
  4973 | D:6      | Reached **** piety under Trog
  4983 | D:6      | Killed from afar by an orc priest

Levels and vault maps discovered:
D:1:      psy_arrival_radial02, layout_basic, minmay_misc_feat_diagonals
D:2:      layout_rooms, minmay_tetromino_s2
D:3:      layout_basic, gammafunk_ghost_nasty_kobolds, first_ration
D:4:      layout_loops_cross, lemuel_crystal_altar, sigmund_edmund_badplayer
D:5:      layout_basic, chequers_temple_overflow_minitemple,
          minmay_temple_entry_mini_moons, basic_altar, uniq_ijyb, uniq_grinder
D:6:      layout_rooms, enter_ossuary_3, uniq_edmund, uniq_blork_the_orc,
          uniq_prince_ribbit1, uniq_sigmund
Temple:   eino_temple_water

Skill      XL: |  1  2  3  4  5  6  7  8 |
---------------+-------------------------+-----
Maces & Flails | 4 5 6 7 8 |  8.1
Fighting       | 4 5 6 7 |  7.9
Armour         | 3 4 5 |  5.4
Dodging        | 3 4 |  4.9
Shields        | 1 3 |  3.7

Action                   |  1- 3 |  4- 6 |  7- 9 || total
-------------------------+-------+-------+-------++-------
Melee: Mace              |    75 |    34 |       ||   109
       Headbutt          |     7 |    16 |    20 ||    43
       Morningstar       |       |    30 |       ||    30
       Whip              |       |    45 |       ||    45
       Dire flail        |       |       |    89 ||    89
Invok: Berserk           |       |     2 |     2 ||     4
  Use: Scroll            |       |     2 |       ||     2
 Stab: Sleeping          |     1 |       |       ||     1
  Eat: Chunk             |     1 |     8 |     7 ||    16
Armor: Animal skin       |    10 |    12 |       ||    22
       Plate armour      |       |    20 |    40 ||    60
Dodge: Dodged            |    54 |    72 |    34 ||   160
Block: Buckler           |       |     2 |       ||     2
